 Dungeon Crawl Stone Soup version 0.26.1-11-gd32895ea62 (webtiles) character file.

Game seed: 18003226715461029814

397812 Elvor the Peltast (level 23, -17/200 HPs)
             Began as a Gnoll Warper on July 15, 2021.
             Was the Champion of Okawaru.
             Demolished by a large abomination (21 damage)
             ... created by a deep elf high priest
             ... on level 3 of the Elven Halls on July 19, 2021.
             The game lasted 09:01:37 (45440 turns).

Elvor the Peltast (Gnoll Warper)                   Turns: 45440, Time: 09:01:37

Health: -17/200    AC: 34    Str: 39    XL:     23   Next: 24%
Magic:  7/38       EV: 25    Int: 28    God:    Okawaru [******]
Gold:   1757       SH: 19    Dex: 28    Spells: 8/53 levels left

rFire    . . .     SeeInvis +   g - +4 demon trident of Annoyance {vamp, rElec rC+ Int+4 Dex+2}
rCold    + + +     Faith    .   h - +3 warlock's mirror {reflect}
rNeg     . . .     Spirit   .   W - +10 chain mail of Motregeg {rC+ Dex+2 SInv Stlth-}
rPois    +         Reflect  +   M - +3 crown of Dyrovepreva {rElec Int+2 SInv}
rElec    +         Harm     .   Q - +2 cloak {rCorr}
rCorr    +         Rampage  .   b - +0 pair of gloves of Atheism {*Corrode Str+2 Int+2 Dex+4}
Will     +++..                  G - +1 pair of boots "Vujarch" {Will+ Str+4 Dex+4}
Stlth    +++.......             e - amulet of Weet {Reflect rC++ SH+5}
HPRegen  0.43/turn              J - ring of Xom's Recklessness {rPois Str+6 Int+3}
MPRegen  0.26/turn              V - ring "Lolas" {Will+ Str+6}

@: studying Shields
A: distributed training, fangs 1, low mp 1, robust 1, strong nose
}: 2/15 runes: decaying, serpentine
a: Renounce Religion, Heroism, Finesse


You were on level 3 of the Elven Halls.
You worshipped Okawaru.
Okawaru was exalted by your worship.
You visited 8 branches of the dungeon, and saw 40 of its levels.
You visited the Abyss 1 time.
You visited 2 bazaars.
You also visited: Ossuary, Bailey, Ice Cave, Volcano and Wizlab.

You collected 4844 gold pieces.
You spent 3087 gold pieces at shops.

Inventory:

Hand Weapons
 g - the +4 demon trident of Annoyance (weapon) {vamp, rElec rC+ Int+4 Dex+2}
   (Okawaru gifted it to you on level 1 of the Lair of Beasts)

   It inflicts no extra harm, but heals its wielder when it wounds a living foe.
   It affects your intelligence (+4).
   It affects your dexterity (+2).
   It protects you from cold.
   It insulates you from electricity.
 o - the +1 long sword of Eternal Vigilance {flame, Str+2 Stlth+}
   (You found it on level 2 of the Elven Halls)

   It has been specially enchanted to burn those struck by it, causing extra
   injury to most foes and up to half again as much damage against particularly
   susceptible opponents.
   Big, fiery blades are also staple armaments of hydra-hunters.
   It affects your strength (+2).
   It makes you more stealthy.
 z - the +7 war axe "Mono Zeu" {speed, rElec rN+ Dex+2}
   (You found it on level 2 of the Elven Halls)

   Attacks with this weapon are significantly faster.
   It affects your dexterity (+2).
   It insulates you from electricity.
   It protects you from negative energy.
 O - a +0 eveningstar of freezing
 T - the +7 demon blade of Wondrous Power {pain, rElec Int+3}
   (You took it off a deep elf sorcerer on level 3 of the Elven Halls)

   In the hands of one skilled in necromantic magic, it inflicts extra damage on
   living creatures.
   It affects your intelligence (+3).
   It insulates you from electricity.
Missiles
 u - 12 curare-tipped darts
 w - 65 poisoned darts
Armour
 b - the +0 pair of gloves of Atheism (worn) {*Corrode Str+2 Int+2 Dex+4}
   (You found it on level 14 of the Dungeon)

   It affects your strength (+2).
   It affects your intelligence (+2).
   It affects your dexterity (+4).
   It may corrode you when you take damage.
 h - the +3 warlock's mirror (worn) {reflect}
   (You found it on level 12 of the Dungeon)
 G - the +1 pair of boots "Vujarch" (worn) {Will+ Str+4 Dex+4}
   (Okawaru gifted it to you on level 13 of the Dungeon)

   It affects your strength (+4).
   It affects your dexterity (+4).
   It affects your willpower, your defense against some magical effects.
 I - a +1 pair of boots of running
 M - the +3 crown of Dyrovepreva (worn) {rElec Int+2 SInv}
   (You found it on level 14 of the Dungeon)

   It affects your intelligence (+2).
   It insulates you from electricity.
   It lets you see invisible.
 Q - a +2 cloak of preservation (worn)
 W - the +10 chain mail of Motregeg (worn) {rC+ Dex+2 SInv Stlth-}
   (You took it off an orc warrior on level 9 of the Dungeon)

   It affects your dexterity (+2).
   It protects you from cold.
   It lets you see invisible.
   It makes you less stealthy.
Jewellery
 e - the amulet of Weet (around neck) {Reflect rC++ SH+5}
   (You acquired it on level 12 of the Dungeon)

   [amulet of reflection]

   It shields you and reflects attacks.
   It greatly protects you from cold.
   It affects your SH (+5).
 J - the ring of Xom's Recklessness (left hand) {rPois Str+6 Int+3}
   (You acquired it in a bailey)

   [ring of strength]

   It affects your strength (+6).
   It affects your intelligence (+3).
   It protects you from poison.
 V - the ring "Lolas" (right hand) {Will+ Str+6}
   (You found it on level 2 of the Orcish Mines)

   [ring of strength]

   It affects your strength (+6).
   It affects your willpower, your defense against some magical effects.
Wands
 c - a wand of polymorph (16)
 n - a wand of iceblast (11)
 y - a wand of enslavement (7) (quivered)
 L - a wand of paralysis (37)
 P - a wand of digging (9)
 Y - a wand of acid (35)
 Z - a wand of disintegration (16)
Scrolls
 d - a scroll of brand weapon
 k - 22 scrolls of teleportation
 l - 5 scrolls of immolation
 m - 5 scrolls of fog
 r - 9 scrolls of magic mapping
 s - 20 scrolls of remove curse
 A - a scroll of enchant weapon
 B - 2 scrolls of summoning
 H - 2 scrolls of amnesia
 K - 4 scrolls of fear
 S - 6 scrolls of blinking
 X - 5 scrolls of identify
Potions
 a - 2 potions of magic
 f - 5 potions of might
 j - 4 potions of resistance
 p - 3 potions of invisibility
 q - 6 potions of lignification
 t - a potion of ambrosia
 v - 9 potions of haste
 x - 8 potions of berserk rage
 D - 11 potions of heal wounds
 E - a potion of attraction
 F - 24 potions of curing
 N - 5 potions of brilliance
 U - 6 potions of cancellation
Books
 i - a manual of Shields
Miscellaneous
 C - a tin of tremorstones (2/2)
 R - a condenser vane (inert)


   Skills:
 + Level 15.5 Fighting
 + Level 15.0 Short Blades
 + Level 15.0 Long Blades
 + Level 15.0 Axes
 + Level 15.5 Maces & Flails
 + Level 15.0 Polearms
 + Level 15.0 Staves
 + Level 15.0 Slings
 + Level 15.0 Bows
 + Level 15.0 Crossbows
 + Level 15.2 Throwing
 + Level 15.2 Armour
 + Level 15.5 Dodging
 + Level 15.0 Stealth
 + Level 18.9 Shields
 + Level 15.0 Unarmed Combat
 + Level 15.6 Spellcasting
 + Level 12.9 Conjurations
 + Level 12.9 Hexes
 + Level 13.1 Summonings
 + Level 12.9 Necromancy
 + Level 13.8 Translocations
 + Level 12.9 Transmutations
 + Level 12.9 Fire Magic
 + Level 12.9 Ice Magic
 + Level 12.9 Air Magic
 + Level 12.9 Earth Magic
 + Level 12.9 Poison Magic
 + Level 16.2 Invocations
 + Level 15.0 Evocations


You had 8 spell levels left.
You knew the following spells:

 Your Spells              Type           Power        Failure   Level
a - Blink                 Tloc           N/A          1%          2
b - Passage of Golubria   Tloc           N/A          1%          4
c - Apportation           Tloc           100%         1%          1
d - Mephitic Cloud        Conj/Pois/Air  76%          1%          3
e - Passwall              Tmut/Erth      63%          1%          2
f - Swiftness             Air            76%          1%          2
g - Iron Shot             Conj/Erth      38%          4%          6
h - Statue Form           Tmut/Erth      50%          4%          6
i - Shatter               Erth           38%          100%        9
j - Lightning Bolt        Conj/Air       38%          1%          5
k - Lee's Rapid Deconstr  Erth           38%          1%          5

Your spell library contained the following spells:

 Spells                   Type           Power        Failure   Level
 Animate Skeleton         Necr           100%         1%          1
 Beastly Appendage        Tmut           100%         1%          1
 Corona                   Hex            84%          1%          1
 Foxfire                  Conj/Fire      100%         1%          1
 Freeze                   Ice            100%         1%          1
 Magic Dart               Conj           100%         1%          1
 Pain                     Necr           100%         1%          1
 Sandblast                Erth           100%         1%          1
 Shock                    Conj/Air       100%         1%          1
 Sting                    Tmut/Pois      100%         1%          1
 Summon Small Mammal      Summ           100%         1%          1
 Call Imp                 Summ           77%          1%          2
 Corpse Rot               Necr/Air       N/A          1%          2
 Poisonous Vapours        Pois/Air       100%         1%          2
 Searing Ray              Conj           100%         1%          2
 Slow                     Hex            76%          1%          2
 Sublimation of Blood     Necr           38%          1%          2
 Wereblood                Tmut           76%          1%          2
 Call Canine Familiar     Summ           77%          1%          3
 Conjure Flame            Conj/Fire      76%          1%          3
 Dazzling Flash           Conj/Hex       100%         1%          3
 Frozen Ramparts          Ice            100%         1%          3
 Gell's Gravitas          Tloc           39%          1%          3
 Ignite Poison            Fire/Tmut/Pois 76%          1%          3
 Inner Flame              Hex/Fire       76%          1%          3
 Lesser Beckoning         Tloc           39%          1%          3
 Ozocubu's Armour         Ice            76%          1%          3
 Portal Projectile        Hex/Tloc       100%         1%          3
 Spider Form              Tmut/Pois      38%          1%          3
 Static Discharge         Conj/Air       76%          1%          3
 Stone Arrow              Conj/Erth      100%         1%          3
 Summon Guardian Golem    Hex/Summ       76%          1%          3
 Teleport Other           Tloc           79%          1%          3
 Tukima's Dance           Hex            76%          1%          3
 Vampiric Draining        Necr           38%          1%          3
 Airstrike                Air            38%          1%          4
 Animate Dead             Necr           38%          1%          4
 Cause Fear               Hex            38%          1%          4
 Dispel Undead            Necr           76%          1%          4
 Fulminant Prism          Conj/Hex       38%          1%          4
 Hailstorm                Conj/Ice       76%          1%          4
 Ice Form                 Ice/Tmut       76%          1%          4
 Iskenderun's Mystic Bla  Conj/Tloc      77%          1%          4
 Leda's Liquefaction      Hex/Erth       38%          1%          4
 Olgreb's Toxic Radiance  Pois           76%          1%          4
 Petrify                  Tmut/Erth      76%          1%          4
 Summon Ice Beast         Ice/Summ       76%          1%          4
 Summon Lightning Spire   Summ/Air       76%          1%          4
 Agony                    Necr           76%          1%          5
 Alistair's Intoxication  Tmut/Pois      50%          1%          5
 Blade Hands              Tmut           38%          1%          5
 Bolt of Magma            Conj/Fire/Erth 38%          1%          5
 Excruciating Wounds      Necr           38%          1%          5
 Iskenderun's Battlesphe  Conj           76%          1%          5
 Metabolic Englaciation   Hex/Ice        38%          1%          5
 Summon Mana Viper        Hex/Summ       76%          1%          5
 Yara's Violent Unravell  Hex/Tmut       38%          1%          5
 Dispersal                Tloc           39%          2%          6
 Invisibility             Hex            76%          4%          6
 Ozocubu's Refrigeration  Ice            38%          4%          6
 Malign Gateway           Summ/Tloc      39%          19%         7
 Dragon Form              Tmut           38%          22%         7
 Orb of Destruction       Conj           38%          22%         7
 Spellforged Servitor     Conj/Summ      38%          22%         7
 Dragon's Call            Summ           38%          100%        9


Dungeon Overview and Level Annotations

Branches:
Dungeon (15/15)            Temple (1/1) D:4            Lair (6/6) D:8
  Swamp (4/4) Lair:2        Snake (4/4) Lair:2        Slime (0/5) Lair:6
    Orc (2/2) D:11            Elf (3/3) Orc:2        Vaults (5/5) D:14
  Crypt (0/3) Vaults:3     Depths (0/5) D:15        Ossuary (visited)
 Bailey (visited)           IceCv (visited)         Volcano (visited)
 WizLab (visited)

Altars:
Ashenzari
Cheibriados
Dithmenos
Elyvilon
Fedhas
Gozag
Hepliaklqana
Kikubaaqudgha
Makhleb
Nemelex Xobeh
Okawaru
Qazlal
Ru
Sif Muna
Trog
Uskayaw
Vehumet
Wu Jian
Xom
Yredelemnul
Zin
The Shining One
Beogh

Shops:
D:6 =   D:8 ?   D:10 ((*(   D:13 (   D:14 =*   D:15 *   Orc:1 [   Orc:2 *([=
Elf:1 *   Snake:1 ?}   Snake:2 }   Snake:3 *   Snake:4 [}[[   Vaults:1 }

Portals:
Trove: D:10 (show slimy rune of Zot)

Annotations:
Vaults:3 Boris


Innate Abilities, Weirdness & Mutations

Your experience applies equally to all skills.
You have very sharp teeth.
Your uncanny sense of smell can sniff out nearby items.
Your magical capacity is low. (-10% MP)
You are robust. (+10% HP)


Message History

The jumping spider leaps!
You block the deep elf blademaster's attack. x2
The large abomination misses you.
The +5 trident of venom hits you from afar.
* * * LOW HITPOINT WARNING * * *
You are more poisoned.
You feel better.
The jumping spider leaps!
You block the deep elf blademaster's attack. x2
You block the large abomination's attack.
The deep elf high priest utters a dark prayer and points at you.
Your life force is offered up.
* * * LOW HITPOINT WARNING * * *
The deep elf high priest is healed.
The +5 trident of venom misses you.
The soul eater draws from the surrounding life force!
* * * LOW HITPOINT WARNING * * *
The deep elf annihilator gestures wildly while chanting.
The deep elf annihilator blinks!
The small abomination completely misses you.
The large abomination hits you!!
You die...

#.#.######...##∆∆
#.#........#.#∆∆∆
#.##########(#∆ ##.##
#.# #...# ##'# #...#
##..#######. ##...###
##4..#.).....
#...)[.####Xe43)s#
#.......##e@Xse#..)....
#....).....xe((#######.
#.#.......(...°#
#........).....#
#..............#
#...........#..#∆∆∆
#...........##'# ∆∆∆
##......s..###(#
##.......##...#


You could see a deep elf blademaster, a deep elf annihilator (empowered), a soul
eater (summoned), 2 demonic crawlers, a deep elf high priest (brilliance aura),
2 large abominations, 2 ice devils, a deep elf mage (empowered), a jumping
spider (summoned), a small abomination and a +5 trident of venom.

Vanquished Creatures
  An ancient lich (Vaults:4)
  Frederick (Vaults:3)
  Saint Roka (Elf:3)
  Jory (Vaults:3)
  A Hellbinder (WizLab)
  Rupert (Vaults:3)
  Jorgrun (Elf:1)
  A lich (Vaults:4)
  The ghost of Dadghomedgh the Thaumaturge, an adept GnWz of Sif Muna (Snake:3)
  Asterion (Vaults:3)
  A titan (Vaults:5)
  2 deep elf master archers (Elf:3)
  2 deep elf blademasters
  A sphinx (Vaults:4)
  2 tentacled starspawn (Abyss:2)
  2 thorn hunters
  Roxanne (D:14)
  2 tengu reavers
  A shadow dragon (Vaults:4)
  Donald (Swamp:1)
  14 nagarajas
  A fire giant (Vaults:4)
  A blood saint (WizLab)
  3 frost giants
  3 deep elf sorcerers (Elf:3)
  A draconian knight (Vaults:3)
  A balrug (Abyss:2)
  5 cacodemons (WizLab)
  8 vault wardens
  An orc warlord (Orc:1)
  Aizul (Swamp:3)
  Louise (Snake:4)
  The ghost of Elvor the Thaumaturge, a journeyman GnWr of Okawaru (Lair:5)
  2 deep elf elementalists (Elf:3)
  7 ironheart preservers
  5 stone giants
  A vampire knight (Vaults:3)
  3 entropy weavers
  2 deep elf demonologists (Elf:3)
  8 deep elf annihilators
  2 bunyips
  An eidolon (Vaults:3)
  4 deep elf death magi
  2 ettins
  A green death (WizLab)
  A jiangshi (Vaults:3)
  Snorg (Orc:1)
  4 great orbs of eyes
  4 yaktaur captains
  Fannar (D:11)
  Josephine (Lair:5)
  38 vault guards
  3 rakshasas
  Harold (D:8)
  24 hydras
  2 ice dragons (Vaults:1)
  10 naga warriors
  8 anacondas
  Erolcha (D:10)
  11 centaur warriors
  4 boulder beetles
  2 death knights
  8 ogre magi
  25 two-headed ogres
  2 ghost crabs
  11 alligators
  A queen ant (Lair:6)
  18 dancing weapons
  4 orc high priests
  8 death yaks
  3 shock serpents
  16 naga sharpshooters
  Sonja (D:10)
  4 soul eaters (WizLab)
  A wretched star (Abyss:2)
  15 deep elf knights
  2 shadow wraiths
  4 sun demons
  A sixfirhy (Abyss:2)
  The ghost of vvl the Transmogrifier, a novice DrTm of Kikubaaqudgha (D:9)
  A salamander mystic (Snake:3)
  2 unseen horrors
  7 deep trolls (Vaults:4)
  2 bog bodies
  2 shadow demons (WizLab)
  2 spriggan druids (Swamp:2)
  14 deep elf archers
  11 skeletal warriors
  10 naga ritualists
  2 flayed ghosts
  A goliath frog (Swamp:3)
  13 swamp dragons
  12 wizards
  10 ironbrand convokers
  14 orc knights
  2 phantasmal warriors (Vaults:4)
  3 lindwurms (Swamp:4)
  An orange crystal statue (D:15)
  2 necromancers (Vaults:2)
  7 orc sorcerers
  An orb spider (shapeshifter) (Vaults:3)
  31 ugly things
  47 deep elf magi
  3 wolf spiders
  4 oklob plants
  9 mana vipers
  7 will-o-the-wisps
  A stone giant zombie (Vaults:2)
  A manticore (D:12)
  5 cyclopes
  5 guardian serpents
  A large abomination (Abyss:2)
  A frost giant skeleton (Vaults:3)
  Maurice (D:8)
  3 rust devils (WizLab)
  9 salamanders
  12 vault sentinels
  11 elephants
  3 ice statues
  32 black mambas
  Joseph (D:7)
  27 naga magi
  3 centaur skeletons
  2 orange demons (WizLab)
  9 cane toads
  A smoke demon (Abyss:2)
  A hellion (WizLab)
  4 gargoyles
  A kobold demonologist (Bailey)
  A rime drake (shapeshifter) (Vaults:4)
  3 rime drakes
  An efreet (D:14)
  2 tormentors (WizLab)
  7 freezing wraiths
  2 ice devils (WizLab)
  A komodo dragon (shapeshifter) (Vaults:4)
  30 yaktaurs
  8 komodo dragons
  6 red devils
  A hellwing (WizLab)
  A bloated husk (Swamp:4)
  A harpy zombie (D:12)
  14 trolls
  13 polar bears
  A meliai (shapeshifter) (Vaults:3)
  10 tyrant leeches
  14 slime creatures
  A slime creature (shapeshifter) (Vaults:5)
  12 hornets
  7 raiju
  16 blink frogs
  2 ettin zombies (Vaults:2)
  3 human simulacra (Vaults:2)
  10 wraiths
  A centaur simulacrum (D:15)
  4 water elementals
  39 yaks
  A tarantella (shapeshifter) (Elf:3)
  A spriggan (shapeshifter) (Vaults:1)
  2 vampires
  2 ynoxinuls (WizLab)
  2 redbacks (Vaults:4)
  10 spriggans
  2 wyverns
  A human (shapeshifter) (D:14)
  2 small abominations (Abyss:2)
  6 fire elementals
  Eustachio (D:4)
  3 basilisks
  8 vampire mosquitoes
  A redback simulacrum (D:15)
  Menkaure (Ossuary)
  9 wargs
  8 swamp worms
  2 acid dragons (Vaults:1)
  55 nagas
  6 soldier ants
  21 water moccasins
  14 hell hounds (Lair:6)
  A hornet zombie (D:14)
  10 swamp drakes
  3 phantoms
  2 human zombies
  9 ice beasts
  17 black bears
  53 orc warriors
  2 necrophages
  7 sky beasts
  24 centaurs
  An eye of draining (D:13)
  31 ogres
  26 wolves
  A big kobold (D:9)
  21 bullfrogs
  A gnoll sergeant (D:10)
  2 earth elementals
  A hornet simulacrum (D:15)
  A wyvern skeleton (D:8)
  2 troll zombies (D:11)
  5 scorpions
  15 killer bees
  18 wights
  2 howler monkeys
  11 electric eels
  19 jellies
  2 bullfrog zombies (D:12)
  3 centaur zombies
  24 orc wizards
  3 quasits
  2 bullfrog skeletons
  A gnoll shaman (D:4)
  20 orc priests
  11 hounds
  Crazy Yiuf (D:4)
  4 iguanas
  18 worker ants
  6 ogre zombies (D:11)
  A hound skeleton (D:5)
  A hound zombie (D:11)
  3 mummies (Ossuary)
  Robin (D:2)
  12 gnolls
  28 adders
  2 shadow imps
  5 white imps
  5 oozes
  An adder skeleton (D:7)
  5 worms
  4 dart slugs
  The ghost of Tropan82 the Sneak, a weakling FeDe of Vehumet (D:4)
  8 leopard geckos
  100 orcs
  A ball python (D:1)
  11 giant cockroaches
  3 gnoll zombies (Ossuary)
  27 goblins
  17 hobgoblins
  8 jackals
  10 kobolds
  4 quokkas
  12 bats
  6 frilled lizards
  6 gnoll skeletons (Ossuary)
  3 goblin skeletons (Ossuary)
  3 goblin zombies (D:11)
  7 hobgoblin skeletons
  11 hobgoblin zombies
  2 kobold skeletons (Ossuary)
  4 kobold zombies (Ossuary)
  2 leopard gecko skeletons
  7 orc skeletons
  19 orc zombies
  A quokka skeleton (D:4)
  15 rats
  5 rat skeletons (Ossuary)
  4 rat zombies (Ossuary)
  2 starspawn tentacles (Abyss:2)
1815 creatures vanquished.

Vanquished Creatures (collateral kills)
  A spriggan druid (Swamp:4)
  A yak (Lair:6)
2 creatures vanquished.

Vanquished Creatures (others)
  2 ironheart preservers (Vaults:3)
  An entropy weaver (Vaults:3)
  An ettin (Vaults:3)
  An ogre mage (Vaults:3)
  2 great orbs of eyes (Vaults:3)
  2 two-headed ogres (Vaults:3)
  A centaur warrior (Vaults:3)
  A deep troll earth mage (Vaults:3)
  4 deep trolls (Vaults:3)
  A necromancer (Vaults:3)
  4 ugly things (Vaults:3)
  2 orc knights (Vaults:3)
  A human zombie (Vaults:3)
  A wolf spider (Vaults:3)
  A deep elf mage (Elf:1)
  A shadow dragon skeleton (Vaults:3)
  A black mamba (Lair:6)
  A naga mage (Snake:4)
  3 vault sentinels (Vaults:3)
  2 freezing wraiths (Vaults:3)
  A hornet (Swamp:3)
  2 bloated husks
  3 slime creatures (Vaults:3)
  A yak (Lair:4)
  An orc warrior (Vaults:3)
  4 ogres (Vaults:3)
  2 centaurs (Vaults:3)
  A human skeleton (Vaults:3)
  An orc wizard (Vaults:3)
  3 orcs
  An orc skeleton (Ossuary)
  A bush (D:6)
  24 foxfires
  48 fungi
  71 plants
  5 starspawn tentacles (Abyss:2)
  16 toadstools
218 creatures vanquished.

Grand Total: 2035 creatures vanquished

Notes
Turn   | Place    | Note
-------+----------+-------------------------------------------
     0 | D:1      | Elvor the Gnoll Warper began the quest for the Orb.
     0 | D:1      | Reached XP level 1. HP: 20/20 MP: 6/6
   171 | D:1      | Reached XP level 2. HP: 23/26 MP: 7/7
   174 | D:1      | Learned a level 2 spell: Blink
   297 | D:1      | Reached XP level 3. HP: 20/31 MP: 9/9
   340 | D:1      | Reached skill level 5 in Spellcasting
   734 | D:2      | Reached skill level 1 in Invocations
   978 | D:2      | Found a sacrificial altar of Ru.
   997 | D:2      | Reached skill level 1 in Short Blades
   997 | D:2      | Reached skill level 1 in Long Blades
   997 | D:2      | Reached skill level 1 in Axes
   997 | D:2      | Reached skill level 1 in Polearms
   997 | D:2      | Reached skill level 1 in Staves
   997 | D:2      | Reached skill level 1 in Slings
   997 | D:2      | Reached skill level 1 in Bows
   997 | D:2      | Reached skill level 1 in Crossbows
   997 | D:2      | Reached skill level 1 in Stealth
   997 | D:2      | Reached skill level 1 in Shields
   997 | D:2      | Reached skill level 1 in Unarmed Combat
   997 | D:2      | Reached skill level 1 in Evocations
   997 | D:2      | Reached XP level 4. HP: 34/38 MP: 11/11
  1002 | D:2      | Learned a level 4 spell: Passage of Golubria
  1042 | D:2      | Noticed Robin
  1093 | D:2      | Killed Robin
  1094 | D:2      | Reached skill level 1 in Conjurations
  1094 | D:2      | Reached skill level 1 in Hexes
  1094 | D:2      | Reached skill level 1 in Summonings
  1094 | D:2      | Reached skill level 1 in Necromancy
  1094 | D:2      | Reached skill level 1 in Transmutations
  1094 | D:2      | Reached skill level 1 in Fire Magic
  1094 | D:2      | Reached skill level 1 in Ice Magic
  1094 | D:2      | Reached skill level 1 in Air Magic
  1094 | D:2      | Reached skill level 1 in Earth Magic
  1094 | D:2      | Reached skill level 1 in Poison Magic
  1510 | D:1      | Reached XP level 5. HP: 43/43 MP: 12/12
  1534 | D:2      | Found a snail-covered altar of Cheibriados.
  2279 | D:3      | Reached XP level 6. HP: 24/50 MP: 13/13
  2622 | D:3      | Learned a level 1 spell: Apportation
  3027 | D:4      | Found a large runed translucent door.
  3027 | D:4      | Found a large runed translucent door.
  3131 | D:4      | Reached skill level 5 in Fighting
  3131 | D:4      | Reached skill level 5 in Maces & Flails
  3131 | D:4      | Reached skill level 5 in Dodging
  3131 | D:4      | Reached skill level 2 in Shields
  3153 | D:4      | Found a staircase to the Ecumenical Temple.
  3155 | D:4      | Got a crude silver ring
  3176 | D:4      | Got a heavily jewelled robe
  3180 | Temple   | Entered the Ecumenical Temple
  3191 | Temple   | Identified the cursed +1 robe of the Exiled Heavens {rF+}
                  | (You found it on level 4 of the Dungeon)
  3192 | Temple   | Identified the ring "Noest" {rC+ Will+} (You found it on
                  | level 4 of the Dungeon)
  3239 | Temple   | Became a worshipper of Warmaster Okawaru
  3403 | D:3      | Reached XP level 7. HP: 56/56 MP: 15/15
  3604 | D:4      | Noticed Eustachio
  3643 | D:4      | Killed Eustachio
  3643 | D:4      | Reached * piety under Okawaru
  3915 | D:4      | Noticed Tropan82's ghost (weakling FeDe)
  3931 | D:4      | Killed Tropan82's ghost
  4011 | D:4      | Reached ** piety under Okawaru
  4012 | D:4      | Reached XP level 8. HP: 38/63 MP: 16/16
  4038 | D:4      | Got a steaming mace
  4039 | D:4      | Identified the +8 mace "Baol" {protect, rC+ rN+} (You found
                  | it on level 4 of the Dungeon)
  4044 | D:4      | Found a runed translucent door.
  4045 | D:4      | Noticed Crazy Yiuf
  4052 | D:4      | Killed Crazy Yiuf
  4143 | D:5      | Entered Level 5 of the Dungeon
  4189 | D:5      | Reached skill level 3 in Shields
  4194 | D:5      | Found a glowing silver altar of Zin.
  4312 | D:5      | Found an opulent altar of Gozag.
  4885 | D:5      | Found a sparkling altar of Nemelex Xobeh.
  4988 | D:5      | Found a glowing golden altar of the Shining One.
  5218 | D:6      | Found a sand-covered staircase.
  5223 | Ossuary  | Entered an ossuary
  5497 | Ossuary  | Noticed Menkaure
  5514 | Ossuary  | Killed Menkaure
  5818 | D:6      | Reached XP level 9. HP: 62/69 MP: 18/18
  6243 | D:6      | Reached *** piety under Okawaru
  6244 | D:6      | Reached skill level 4 in Shields
  6310 | D:6      | You fall into a shaft and drop 1 floor!
  6441 | D:7      | Noticed Joseph
  6495 | D:6      | Reached skill level 5 in Throwing
  6495 | D:6      | Reached skill level 5 in Armour
  6685 | D:6      | Found a blossoming altar of Fedhas.
  6686 | D:6      | Found an ancient bone altar of Kikubaaqudgha.
  6704 | D:6      | Found Noep's Jewellery Shop.
  6943 | D:7      | Noticed a +0 hand axe
  6943 | D:7      | Noticed a +0 dagger
  6945 | D:7      | Found a hide-covered altar of Uskayaw.
  7178 | D:7      | Found a white marble altar of Elyvilon.
  7212 | D:7      | Reached skill level 5 in Invocations
  7383 | D:7      | Killed Joseph
  7383 | D:7      | Reached **** piety under Okawaru
  7676 | D:8      | Found Gaegro's Magic Scroll Boutique.
  7682 | D:8      | Bought a scroll of fog for 24 gold pieces
  7682 | D:8      | Bought a scroll of identify for 24 gold pieces
  7682 | D:8      | Bought a scroll of identify for 24 gold pieces
  7682 | D:8      | Bought a scroll of noise for 12 gold pieces
  7746 | D:8      | Noticed Harold
  7945 | D:8      | Reached XP level 10. HP: 57/77 MP: 20/20
  7971 | D:8      | Found a staircase to the Lair.
  7972 | D:8      | Noticed a death yak
  8015 | D:8      | Noticed a death yak
  8020 | D:8      | Noticed a death yak
  8051 | D:8      | Killed a death yak
  8052 | D:8      | Reached skill level 5 in Short Blades
  8052 | D:8      | Reached skill level 5 in Long Blades
  8052 | D:8      | Reached skill level 5 in Axes
  8052 | D:8      | Reached skill level 5 in Polearms
  8052 | D:8      | Reached skill level 5 in Staves
  8052 | D:8      | Reached skill level 5 in Slings
  8052 | D:8      | Reached skill level 5 in Bows
  8052 | D:8      | Reached skill level 5 in Crossbows
  8052 | D:8      | Reached skill level 5 in Stealth
  8052 | D:8      | Reached skill level 5 in Shields
  8052 | D:8      | Reached skill level 5 in Unarmed Combat
  8052 | D:8      | Reached skill level 5 in Evocations
  8078 | D:7      | Killed a death yak
  8119 | D:8      | Found a hazy altar of Hepliaklqana.
  8290 | D:8      | Killed Harold
  8300 | D:8      | Reached ***** piety under Okawaru
  8342 | D:8      | Noticed Maurice
  8353 | D:8      | Killed Maurice
  8449 | D:8      | Killed a death yak
  8449 | D:8      | Received a gift from Okawaru
  8450 | D:8      | Reached XP level 11. HP: 84/84 MP: 20/22
  8635 | D:6      | Bought the ring "Rusib" {rPois rN+ Str+5} for 542 gold
                  | pieces
  8737 | D:9      | Found a runed translucent gate.
  8737 | D:9      | Noticed vvl's ghost (novice DrTm)
  8738 | D:9      | Identified the +6 rapier of Overwhelming Force {flame,
                  | rElec rF+ Str+3}
  8738 | D:9      | Identified the +10 chain mail of Motregeg {rC+ Dex+2 SInv
                  | Stlth-}
  8738 | D:9      | Found a runed translucent gate.
  8739 | D:9      | Found a runed translucent gate.
  8741 | D:9      | Found a roughly hewn altar of Beogh.
  8742 | D:9      | Found the +2 ratskin cloak {*Rats rPois rN+ Str-1 Int-1
                  | Dex+1}
  8753 | D:9      | Reached skill level 6 in Shields
  8864 | D:9      | Reached skill level 5 in Conjurations
  8864 | D:9      | Reached skill level 5 in Hexes
  8864 | D:9      | Reached skill level 5 in Summonings
  8864 | D:9      | Reached skill level 5 in Necromancy
  8864 | D:9      | Reached skill level 5 in Transmutations
  8864 | D:9      | Reached skill level 5 in Fire Magic
  8864 | D:9      | Reached skill level 5 in Ice Magic
  8864 | D:9      | Reached skill level 5 in Air Magic
  8864 | D:9      | Reached skill level 5 in Earth Magic
  8864 | D:9      | Reached skill level 5 in Poison Magic
  9344 | D:9      | Killed vvl's ghost
  9827 | D:10     | Entered Level 10 of the Dungeon
  9850 | D:10     | Found Licez's Weapon Shoppe.
  9895 | D:10     | Noticed a centaur warrior
  9906 | D:10     | Killed a centaur warrior
 10004 | D:10     | Noticed a green ugly thing
 10023 | D:10     | Killed a green ugly thing
 10112 | D:10     | Found Udoida's Weapon Shoppe.
 10182 | D:10     | Noticed Sonja
 10198 | D:10     | Killed Sonja
 10372 | D:10     | Found a portal to a secret trove of treasure.
 10420 | D:10     | Found Zyen's General Store.
 10431 | D:10     | Bought a potion of curing for 45 gold pieces
 10431 | D:10     | Bought a scroll of identify for 30 gold pieces
 10488 | D:10     | Found Idabuwn's Antique Weapon Shoppe.
 10537 | D:10     | Bought 2 potions of degeneration for 30 gold pieces
 10601 | D:10     | Noticed Erolcha
 10654 | D:10     | Killed Erolcha
 10655 | D:10     | Reached XP level 12. HP: 94/94 MP: 24/24
 10824 | D:10     | Reached skill level 7 in Shields
 10915 | D:11     | Received a gift from Okawaru
 10988 | D:11     | Noticed a two-headed ogre
 11010 | D:11     | Killed a two-headed ogre
 11066 | D:11     | Noticed Fannar
 11140 | D:11     | Killed Fannar
 11246 | D:11     | Noticed a death knight
 11275 | D:11     | Killed a death knight
 11355 | D:11     | Found a staircase to the Orcish Mines.
 11509 | D:11     | Got a jewelled war axe
 11510 | D:11     | Identified the cursed +1 war axe of Hosint {pain, rC- rN++
                  | Dex+3 Stlth+} (You found it on level 11 of the Dungeon)
 11709 | Lair:1   | Entered Level 1 of the Lair of Beasts
 11833 | Lair:1   | Received a gift from Okawaru
 12096 | Lair:1   | Received a gift from Okawaru
 12108 | Lair:1   | Got an ancient demon trident {god gift}
 12109 | Lair:1   | Identified the +4 demon trident of Annoyance {vamp, rElec
                  | rC+ Int+4 Dex+2} (Okawaru gifted it to you on level 1 of
                  | the Lair of Beasts)
 12217 | Lair:1   | Reached XP level 13. HP: 101/101 MP: 20/26
 12747 | Lair:2   | Reached skill level 8 in Shields
 12815 | Lair:2   | Found a dark tunnel.
 12822 | Volcano  | Entered a volcano
 12863 | Volcano  | Noticed a stone giant
 12888 | Volcano  | Killed a stone giant
 13132 | Lair:2   | Got a jewelled hunting sling
 13133 | Lair:2   | Identified the +3 hunting sling of an ossuary {speed,
                  | Dex+3} (You found it on level 2 of the Lair of Beasts)
 13171 | Lair:2   | Found a staircase to the Swamp.
 13254 | Lair:2   | Found a staircase to the Snake Pit.
 13552 | Lair:2   | Received a gift from Okawaru
 13805 | Lair:2   | Learned a level 3 spell: Mephitic Cloud
 14793 | Lair:4   | Reached skill level 10 in Spellcasting
 14895 | Lair:4   | Reached skill level 9 in Shields
 15528 | Lair:5   | Reached XP level 14. HP: 98/109 MP: 28/28
 15576 | Lair:5   | Reached ****** piety under Okawaru
 15577 | Lair:5   | Reached skill level 10 in Fighting
 15577 | Lair:5   | Reached skill level 10 in Maces & Flails
 15577 | Lair:5   | Reached skill level 10 in Dodging
 15670 | Lair:5   | Received a gift from Okawaru
 16029 | Lair:5   | Noticed Elvor's ghost (journeyman GnWr)
 16030 | Lair:5   | Found a runed translucent gate.
 16034 | Lair:5   | Found a runed translucent gate.
 16034 | Lair:5   | Found a runed translucent gate.
 16106 | Lair:5   | Received a gift from Okawaru
 16449 | Lair:5   | Identified Calef's Volume of Orientation and Moulding
 16454 | Lair:5   | Learned a level 2 spell: Passwall
 16545 | Lair:5   | Killed Elvor's ghost
 16607 | Lair:6   | Entered Level 6 of the Lair of Beasts
 16610 | Lair:6   | Noticed Josephine
 16627 | Lair:5   | Reached skill level 10 in Invocations
 16632 | Lair:5   | Killed Josephine
 16932 | Lair:6   | Reached skill level 10 in Shields
 17659 | Lair:6   | Found a staircase to the Slime Pits.
 17702 | Lair:6   | Received a gift from Okawaru
 17791 | Lair:6   | Reached skill level 10 in Throwing
 17791 | Lair:6   | Reached skill level 10 in Armour
 17805 | Lair:6   | Received a gift from Okawaru
 17824 | Lair:6   | Reached XP level 15. HP: 112/117 MP: 23/29
 17840 | Lair:6   | Got an encrusted ring mail {god gift}
 18326 | Lair:6   | Reached skill level 11 in Shields
 18516 | D:11     | Identified the +4 ring mail of Death's Door {Int+7 Dex+7}
                  | (Okawaru gifted it to you on level 6 of the Lair of Beasts)
 18561 | Orc:1    | Entered Level 1 of the Orcish Mines
 18564 | Orc:1    | Found a frozen archway.
 18573 | IceCv    | Entered an ice cave
 18598 | IceCv    | Reached skill level 10 in Translocations
 18614 | IceCv    | Found a transporter.
 18641 | IceCv    | Found a transporter.
 18905 | Orc:1    | Found Ucvel's Antique Armour Boutique.
 18992 | Orc:2    | Entered Level 2 of the Orcish Mines
 18997 | Orc:2    | Noticed an orc warlord
 19285 | Orc:1    | Reached skill level 10 in Short Blades
 19285 | Orc:1    | Reached skill level 10 in Long Blades
 19285 | Orc:1    | Reached skill level 10 in Axes
 19285 | Orc:1    | Reached skill level 10 in Polearms
 19285 | Orc:1    | Reached skill level 10 in Staves
 19285 | Orc:1    | Reached skill level 10 in Slings
 19285 | Orc:1    | Reached skill level 10 in Bows
 19285 | Orc:1    | Reached skill level 10 in Crossbows
 19285 | Orc:1    | Reached skill level 10 in Stealth
 19285 | Orc:1    | Reached skill level 10 in Unarmed Combat
 19285 | Orc:1    | Reached skill level 10 in Evocations
 19354 | Orc:1    | Killed an orc warlord
 19362 | Orc:2    | Found Ylluf's Antique Armour Boutique.
 19564 | Orc:1    | Received a gift from Okawaru
 19565 | Orc:1    | Got a fine quarterstaff {god gift}
 19571 | Orc:1    | Identified the +8 quarterstaff "Q" {vamp, rElec Int+2}
                  | (Okawaru gifted it to you on level 1 of the Orcish Mines)
 19690 | Orc:2    | Found Wyklahekk's Jewellery Shoppe.
 19829 | Orc:2    | Found Wacwueri's Antique Weapon Boutique.
 19837 | Orc:2    | Found a staircase to the Elven Halls.
 19967 | Orc:2    | Found Voyfih's General Store.
 19982 | Orc:2    | Bought a scroll of blinking for 105 gold pieces
 19982 | Orc:2    | Bought a scroll of identify for 28 gold pieces
 20007 | Orc:2    | Found a runed translucent door.
 20055 | Orc:1    | Noticed Snorg
 20082 | Orc:1    | Killed Snorg
 20551 | Orc:2    | Found a roughly hewn altar of Beogh.
 20560 | Orc:2    | Got a shimmering tin ring
 20567 | Orc:2    | Identified the ring "Lolas" {Will+ Str+6} (You found it on
                  | level 2 of the Orcish Mines)
 20681 | Orc:1    | Bought an encrusted scale mail for 261 gold pieces
 20681 | Orc:1    | Bought a pair of shimmering gloves for 275 gold pieces
 20690 | Orc:1    | Identified the cursed -6 pair of gloves of Eternal
                  | Vigilance {rF+ rN+} (You bought it in a shop on level 1 of
                  | the Orcish Mines)
 20706 | Orc:1    | Identified the +1 scale mail of Recklessness {Str+4} (You
                  | bought it in a shop on level 1 of the Orcish Mines)
 21020 | D:12     | Identified 2 scrolls of acquirement
 21462 | D:12     | Received a gift from Okawaru
 21611 | D:12     | Received a gift from Okawaru
 21637 | D:12     | Cast into level 2 of the Abyss (a wizard)
 21656 | Abyss:2  | Reached skill level 12 in Shields
 21660 | Abyss:2  | Reached XP level 16. HP: 125/125 MP: 31/31
 21704 | Abyss:2  | Received a gift from Okawaru
 21773 | Abyss:2  | Noticed a tentacled starspawn
 21790 | Abyss:2  | Killed a tentacled starspawn
 21799 | Abyss:2  | Gained mutation: Your body sometimes deteriorates upon
                  | taking damage. [a neqoxec]
 21826 | Abyss:2  | Found a corrupted altar of Lugonu.
 21831 | Abyss:2  | Noticed a tentacled starspawn
 21844 | Abyss:2  | Killed a tentacled starspawn
 21892 | Abyss:2  | Received a gift from Okawaru
 21907 | D:12     | Escaped the Abyss
 21938 | D:12     | Found the +3 warlock's mirror {reflect}
 21951 | D:12     | Got a steaming longbow
 21971 | D:12     | Acquired the +10 triple crossbow of the Screaming Fox
                  | {elec, MP+9 Str+2 Int+2}
 21976 | D:12     | Acquired the amulet of Weet {Reflect rC++ SH+5}
 22273 | D:11     | Identified the cursed +2 longbow of Kusmoc {flame, MP+9
                  | Str+3} (You found it on level 12 of the Dungeon)
 22363 | D:13     | Learned a level 4 spell: Hailstorm
 22642 | D:13     | Received a gift from Okawaru
 22647 | D:13     | Got a pair of fine boots {god gift}
 22665 | D:13     | Identified the +1 pair of boots "Vujarch" {Will+ Str+4
                  | Dex+4} (Okawaru gifted it to you on level 13 of the
                  | Dungeon)
 22775 | D:13     | Found Goonnion's Weapon Emporium.
 23407 | D:14     | Found Gozag's Platinum Reserve.
 23407 | D:14     | Found an opulent altar of Gozag.
 23421 | D:14     | Found a gate to the Vaults.
 23485 | D:14     | Got a pair of heavily runed gloves
 23523 | D:14     | Identified the +0 pair of gloves of Atheism {*Corrode Str+2
                  | Int+2 Dex+4} (You found it on level 14 of the Dungeon)
 23556 | D:14     | Found a flagged portal.
 23563 | Bailey   | Entered a bailey
 23612 | Bailey   | Found an iron altar of Okawaru.
 24104 | Bailey   | Acquired the ring of Xom's Recklessness {rPois Str+6 Int+3}
 24171 | D:14     | Found the +3 crown of Dyrovepreva {rElec Int+2 SInv}
 24201 | D:14     | Found Baiskir's Jewellery Shoppe.
 24664 | D:14     | Noticed Roxanne
 24702 | D:14     | Killed Roxanne
 24713 | D:14     | Learned a level 6 spell: Iron Shot
 24720 | D:14     | Learned a level 6 spell: Statue Form
 24730 | D:14     | Learned a level 9 spell: Shatter
 24788 | D:14     | Reached skill level 13 in Shields
 24890 | D:15     | Entered Level 15 of the Dungeon
 25056 | D:15     | Found Nuozot's Changing Room.
 25163 | D:15     | Received a gift from Okawaru
 25350 | D:15     | Found the +2 cloak of the Thief {*Fog Slay-2 SInv Stlth+}
 25411 | D:15     | Found a staircase to the Depths.
 25422 | D:15     | Received a gift from Okawaru
 25439 | D:15     | Got a crude quarterstaff {god gift}
 25586 | D:15     | Reached XP level 17. HP: 133/133 MP: 33/33
 25968 | D:15     | Bought a potion of mutation for 120 gold pieces
 25968 | D:15     | Bought a potion of mutation for 120 gold pieces
 25968 | D:15     | Bought a potion of mutation for 120 gold pieces
 25975 | D:15     | Identified the +4 quarterstaff "Xaggar" {pain, Will+ SInv}
                  | (Okawaru gifted it to you on level 15 of the Dungeon)
 26139 | D:11     | Lost mutation: Your body sometimes deteriorates upon taking
                  | damage. [potion of mutation]
 26139 | D:11     | Gained mutation: Your magical capacity is low. (-10% MP)
                  | [potion of mutation]
 26139 | D:11     | Gained mutation: You are robust. (+10% HP) [potion of
                  | mutation]
 26270 | Swamp:1  | Entered Level 1 of the Swamp
 26435 | Swamp:1  | Noticed Donald
 26448 | Swamp:1  | Killed Donald
 27701 | Swamp:3  | Received a gift from Okawaru
 27702 | Swamp:3  | Got an ichor-stained kite shield {god gift}
 27718 | Swamp:2  | Identified the +5 kite shield of Pan-Flutes {Harm rC+}
                  | (Okawaru gifted it to you on level 3 of the Swamp)
 28071 | Swamp:3  | Reached skill level 10 in Conjurations
 28071 | Swamp:3  | Reached skill level 10 in Hexes
 28071 | Swamp:3  | Reached skill level 10 in Summonings
 28071 | Swamp:3  | Reached skill level 10 in Necromancy
 28071 | Swamp:3  | Reached skill level 10 in Transmutations
 28071 | Swamp:3  | Reached skill level 10 in Fire Magic
 28071 | Swamp:3  | Reached skill level 10 in Ice Magic
 28071 | Swamp:3  | Reached skill level 10 in Air Magic
 28071 | Swamp:3  | Reached skill level 10 in Earth Magic
 28071 | Swamp:3  | Reached skill level 10 in Poison Magic
 28214 | Swamp:4  | Entered Level 4 of the Swamp
 28214 | Swamp:4  | Noticed Aizul
 28247 | Swamp:3  | Killed Aizul
 28424 | Swamp:4  | Reached skill level 14 in Shields
 28727 | Swamp:4  | Reached XP level 18. HP: 135/156 MP: 31/31
 28769 | Swamp:4  | Received a gift from Okawaru
 29135 | Swamp:4  | Got a decaying rune of Zot
 29471 | Snake:1  | Entered Level 1 of the Snake Pit
 29530 | Snake:1  | Got a scorched hunting sling
 29654 | Snake:1  | Got a shimmering iron amulet
 29758 | Snake:1  | Identified the +7 hunting sling "Fofoedwu" {freeze, rN+
                  | Dex+2} (You found it on level 1 of the Snake Pit)
 29948 | Snake:1  | Found Nehunla's Gadget Emporium.
 29968 | Snake:1  | Found Lusal's Magic Scroll Shop.
 29975 | Snake:1  | Bought a scroll of identify for 34 gold pieces
 29975 | Snake:1  | Bought a scroll of identify for 34 gold pieces
 29975 | Snake:1  | Bought a scroll of identify for 34 gold pieces
 29975 | Snake:1  | Bought a scroll of identify for 34 gold pieces
 30111 | Snake:1  | Identified the amulet of Dioluacku {Inacc rF- rC+ Int+2
                  | Dex+4} (You found it on level 1 of the Snake Pit)
 30693 | Snake:2  | Found Juniuj's Gadget Boutique.
 30782 | Snake:3  | Found an iron altar of Okawaru.
 30855 | Snake:3  | Found a runed translucent door.
 30855 | Snake:3  | Noticed Dadghomedgh's ghost (adept GnWz)
 30880 | Snake:3  | Killed Dadghomedgh's ghost
 30880 | Snake:3  | Received a gift from Okawaru
 30881 | Snake:3  | Got a fine longbow {god gift}
 31042 | Snake:3  | Identified the +1 longbow of Xytoiph {vorpal, rC+} (Okawaru
                  | gifted it to you on level 3 of the Snake Pit)
 31078 | Snake:3  | Reached skill level 15 in Shields
 31187 | Snake:3  | Found Onysig's Mayhem Merchandise.
 31503 | Snake:3  | Found a transporter.
 31511 | Snake:3  | Learned a level 2 spell: Swiftness
 31517 | Snake:3  | Learned a level 5 spell: Lightning Bolt
 31821 | Snake:3  | Found a shimmering blue altar of Sif Muna.
 31898 | Snake:3  | Received a gift from Okawaru
 31914 | Snake:3  | Reached XP level 19. HP: 163/163 MP: 25/32
 31958 | Snake:3  | Found a transporter.
 32016 | Snake:3  | Identified the Collected Works on the Freezing Oath
 32078 | Snake:4  | Entered Level 4 of the Snake Pit
 32173 | Snake:4  | Found Nuoty's Armour Emporium.
 32178 | Snake:4  | Found Abozeu's Antique Armour Shoppe.
 32205 | Snake:4  | Found Furohu's Gadget Shop.
 32626 | Snake:4  | Found a gateway to a bazaar.
 32632 | Bazaar   | Entered a bazaar
 32636 | Bazaar   | Found Lousoc's Armour Boutique.
 32657 | Bazaar   | Found Paoqaunea's Antique Armour Shoppe.
 32679 | Bazaar   | Found Hefiosut's Book Boutique.
 32700 | Bazaar   | Found Tiecet's Book Emporium.
 32741 | Bazaar   | Bought a book of Geomancy for 315 gold pieces
 32833 | Bazaar   | Bought a dazzling scale mail for 270 gold pieces
 32833 | Bazaar   | Bought a twisted buckler for 285 gold pieces
 32843 | Bazaar   | Identified the +0 scale mail of Rationality {Slay+3} (You
                  | bought it in a shop in a bazaar)
 32853 | Bazaar   | Identified the cursed +0 buckler "Nyfos" {rPois Str+7
                  | Int-2} (You bought it in a shop in a bazaar)
 32995 | Snake:4  | Found Wirufosk's Armour Shoppe.
 33200 | Snake:4  | Received a gift from Okawaru
 33250 | Snake:4  | Received a gift from Okawaru
 33387 | Snake:4  | Noticed Louise
 33395 | Snake:4  | Killed Louise
 33548 | Snake:4  | Received a gift from Okawaru
 33641 | Snake:4  | Learned a level 5 spell: Lee's Rapid Deconstruction
 33654 | Snake:4  | Received a gift from Okawaru
 33685 | Snake:4  | Got a serpentine rune of Zot
 34485 | Vaults:1 | Entered Level 1 of the Vaults
 34557 | Vaults:1 | Found a magical portal.
 34590 | WizLab   | Entered The Hall of the Hellbinder
 34646 | WizLab   | Received a gift from Okawaru
 34673 | WizLab   | Reached skill level 16 in Shields
 34748 | WizLab   | Received a gift from Okawaru
 35090 | WizLab   | Identified the Disquisition on Companions
 35170 | WizLab   | Noticed Rafaphat
 35203 | WizLab   | Noticed an Ice Fiend
 35208 | WizLab   | Received a gift from Okawaru
 35220 | WizLab   | Killed Rafaphat the Hellbinder
 35257 | WizLab   | Reached XP level 20. HP: 78/173 MP: 34/34
 35265 | WizLab   | Got a crude falchion {god gift}
 35273 | WizLab   | Found a burning altar of Makhleb.
 35295 | WizLab   | Identified the Catalogue of the Entourage
 35335 | WizLab   | Identified the +0 falchion of the Muttering Fulmar {speed,
                  | *Noise +Inv Int+7 Dex+2} (Okawaru gifted it to you in a
                  | wizard's laboratory)
 36095 | Vaults:1 | Received a gift from Okawaru
 36173 | Vaults:1 | Found Zotaxufa's Gadget Emporium.
 36371 | Vaults:1 | Received a gift from Okawaru
 36391 | Vaults:1 | Got a transparent halberd {god gift}
 36397 | Vaults:1 | Identified the +10 halberd "Weaprilu" {elec, Dex+3}
                  | (Okawaru gifted it to you on level 1 of the Vaults)
 37043 | Vaults:2 | Got a scorched mace
 37267 | Vaults:2 | Identified the +9 broad axe of the Known World {vorpal,
                  | *Drain rElec rN+}
 37351 | Vaults:2 | Identified the +3 mace "Tybezoc" {drain, Dex+4} (You found
                  | it on level 2 of the Vaults)
 37452 | Vaults:2 | Received a gift from Okawaru
 37453 | Vaults:2 | Got a heavily runed helmet {god gift}
 37913 | Vaults:2 | Reached skill level 17 in Shields
 38296 | Vaults:3 | Noticed Boris
 38384 | Vaults:3 | Found a flickering gateway to a bazaar.
 38386 | Vaults:3 | Noticed Jory
 38393 | Bazaar   | Entered a bazaar
 38393 | Bazaar   | Found Heimaax's Antique Armour Shop.
 38393 | Bazaar   | Found Belug's Distillery.
 38393 | Bazaar   | Found Paxt's Antique Weapon Shop.
 38395 | Bazaar   | Found Ecku Iffiufo's Distillery.
 38395 | Bazaar   | Found Fiugouk's Weapon Boutique.
 38454 | Bazaar   | Bought 2 potions of curing for 54 gold pieces
 38454 | Bazaar   | Bought a potion of haste for 90 gold pieces
 38454 | Bazaar   | Bought a potion of heal wounds for 45 gold pieces
 38454 | Bazaar   | Bought a potion of curing for 27 gold pieces
 38574 | Bazaar   | Identified the +0 helmet "Tesauf" {rElec Dex+3} (Okawaru
                  | gifted it to you on level 2 of the Vaults)
 38598 | Vaults:3 | Reached XP level 21. HP: 182/182 MP: 28/35
 38758 | Vaults:3 | Found a staircase to the Crypt.
 39372 | Vaults:3 | Killed Jory
 40004 | Vaults:4 | Reached skill level 15 in Invocations
 40274 | Vaults:4 | Received a gift from Okawaru
 41120 | Vaults:4 | Noticed Asterion
 41120 | Vaults:4 | Noticed Rupert
 41120 | Vaults:4 | Noticed Frederick
 41143 | Vaults:3 | Killed Rupert
 41181 | Vaults:3 | Killed Asterion
 41296 | Vaults:3 | Killed Frederick
 41484 | Vaults:5 | Entered Level 5 of the Vaults
 41487 | Vaults:5 | Received a gift from Okawaru
 41501 | Vaults:4 | Reached skill level 15 in Spellcasting
 41501 | Vaults:4 | Reached XP level 22. HP: 71/191 MP: 27/36
 41869 | Vaults:5 | Reached skill level 18 in Shields
 41872 | Vaults:5 | Received a gift from Okawaru
 41923 | Vaults:5 | Reached skill level 15 in Fighting
 41923 | Vaults:5 | Reached skill level 15 in Maces & Flails
 41923 | Vaults:5 | Reached skill level 15 in Dodging
 42183 | Vaults:5 | Noticed an ancient lich
 42267 | Vaults:4 | Killed an ancient lich
 42826 | Elf:1    | Entered Level 1 of the Elven Halls
 42979 | Elf:1    | Found Gup Xanu's General Store.
 42987 | Elf:1    | Bought a potion of heal wounds for 75 gold pieces
 42987 | Elf:1    | Bought a scroll of identify for 30 gold pieces
 43119 | Elf:1    | Noticed Jorgrun
 43136 | Elf:1    | Killed Jorgrun
 43163 | Elf:1    | You fall into a shaft and drop 1 floor!
 43170 | Elf:2    | Found a huge runed translucent gate.
 43170 | Elf:2    | Found a huge runed translucent gate.
 43170 | Elf:2    | Found a huge runed translucent gate.
 43170 | Elf:2    | Found a huge runed translucent gate.
 43170 | Elf:2    | Found a huge runed translucent gate.
 43188 | Elf:2    | Got a polished long sword
 43193 | Elf:2    | Got a polished war axe
 43740 | Elf:1    | Identified Vehumet's Grimoire of Damage Dealing
 43849 | Elf:1    | Identified the +1 long sword of Eternal Vigilance {flame,
                  | Str+2 Stlth+} (You found it on level 2 of the Elven Halls)
 43850 | Elf:1    | Identified the +7 war axe "Mono Zeu" {speed, rElec rN+
                  | Dex+2} (You found it on level 2 of the Elven Halls)
 43939 | Elf:2    | Received a gift from Okawaru
 44030 | Elf:2    | Identified a +1 pair of boots of running (Okawaru gifted it
                  | to you on level 2 of the Elven Halls)
 44597 | Elf:2    | Reached skill level 15 in Throwing
 44597 | Elf:2    | Reached skill level 15 in Armour
 44743 | Elf:3    | Entered Level 3 of the Elven Halls
 45210 | Elf:3    | Noticed Saint Roka
 45220 | Elf:3    | Killed Saint Roka
 45221 | Elf:3    | Reached XP level 23. HP: 177/200 MP: 38/38
 45329 | Elf:3    | Identified the +7 demon blade of Wondrous Power {pain,
                  | rElec Int+3}
 45381 | Elf:3    | Reached skill level 15 in Slings
 45402 | Elf:3    | Reached skill level 15 in Short Blades
 45402 | Elf:3    | Reached skill level 15 in Long Blades
 45402 | Elf:3    | Reached skill level 15 in Axes
 45402 | Elf:3    | Reached skill level 15 in Polearms
 45402 | Elf:3    | Reached skill level 15 in Staves
 45402 | Elf:3    | Reached skill level 15 in Bows
 45402 | Elf:3    | Reached skill level 15 in Crossbows
 45402 | Elf:3    | Reached skill level 15 in Stealth
 45402 | Elf:3    | Reached skill level 15 in Unarmed Combat
 45402 | Elf:3    | Reached skill level 15 in Evocations
 45405 | Elf:3    | Identified the +5 scimitar "Buhint" {antimagic, Will+
                  | Str+7}
 45438 | Elf:3    | HP: 3/200 [large abomination[a deep elf high priest] (10)]
 45440 | Elf:3    | Demolished by a large abomination

Illustrated notes

Levels and vault maps discovered:
D:1:      dpeg_arrival_chambers_temple_mockup, layout_rooms,
          minmay_rat_gold_closets
D:2:      layout_loops_ring, lemuel_round_altar,
          hangedman_decor_clover_reticule, nicolae_ru_great_annihilating_truth,
          uniq_robin
D:3:      layout_loops_ring, minmay_gold_behind_fungi, serial_bayou_pond_d,
          st_stairs_13, minmay_misc_feat_tiny
D:4:      layout_loops_ring, minmay_temple_entry_purple_smoke,
          ebering_ghost_disaster_area, uniq_crazy_yiuf_cottage, uniq_eustachio
D:5:      layout_layer_cave, kennysheep_mini, zin_treasury,
          general_overflow_altar, tso_metal_star
D:6:      layout_layer_cave, grunt_temple_overflow_growth_and_decay,
          lightli_ossuary_entry_decrepit_ruins, serial_shops, shop,
          kb_lookout_dungeons_type, corexii_corridor_pit
D:7:      layout_cave_pods, dancing_weapons_uskayaw, elyvilon_altar_3,
          uniq_joseph, uniq_menkaure
D:8:      layout_basic, overflow_temple_1_default, dpeg_lair_monsters,
          serial_shops, nicolae_shop_behind_doors, uniq_maurice, uniq_harold
D:9:      layout_roguey, biasface_ghost_orc_armoury
D:10:     layout_roguey, nicolae_trove_entry_columns, serial_shops,
          nicolae_shop_window_shopping, shop_coins, shop_statue,
          nicolae_shop_trees, uniq_sonja, uniq_erolcha
D:11:     layout_basic, zombieorc2_lemuel, serial_rivers,
          chequers_serial_rivers_micro_d, chequers_serial_rivers_micro_e,
          chequers_serial_rivers_small_3, chequers_serial_rivers_small_a,
          uniq_fannar
D:12:     minmay_smoke_and_mirrors, layout_loops_corners
D:13:     layout_layer_cave, serial_shops, shop
D:14:     layout_loops_cross, erik_vaults_2, serial_shops, shop,
          nicolae_gozag_zags_fifth_avenue, enter_bailey_3, nicolae_wand_duel,
          serial_bayou_lagoon_a, uniq_roxanne
D:15:     grunt_enter_depths_snipers, layout_loops_corners,
          minmay_misc_feat_diagonals, serial_ice, serial_ice_m, serial_ice_j,
          serial_ice_f, serial_ice_g, nicolae_transmutations_shop,
          minmay_more_statues
Temple:   nicolae_temple_god_jail
Lair:1:   minmay_lair_venomous_thicket, layout_cave_shapes,
          beast_lair_carwin_10, infiniplex_staircase_pool_2
Lair:2:   layout_big_grid, minmay_swamp_entry_worms, dummy_snake_entry,
          enter_volcano_2, cheibrodos_lair_reptile_den
Lair:3:   layout_gridlike, cheibrodos_lair_caveside_slide, worms_lemuel
Lair:4:   layout_regular_city, lemuel_fruit_fields
Lair:5:   layout_gridlike, gammafunk_ghost_split, st_stairs_9,
          minmay_stone_trees_small, forest_entry_grove,
          infiniplex_staircase_pool, minmay_lair_oklob_chamber,
          grunt_megastairs_2, serial_bayou_shore_a
Lair:6:   hangedman_lair_caniforms_friends, layout_regular_city,
          minmay_slime_entry_jelly_boxes, chequers_serial_rivers_room_a,
          wad_woods_antlair, uniq_josephine
Swamp:1:  layout_falls_marsh, evilmike_swamp_ruin_wall, uniq_donald
Swamp:2:  layout_basic_swamp, nicolae_swamp_dense_foliage, swamp_pool1,
          nicolae_swamp_oklob_treasure_island
Swamp:3:  cheibrodos_swamp_tower_of_moss, layout_falls_marsh, serial_swamp_ruin,
          evilmike_swamp_ruin_rubble_2, hangedman_swamp_ruin_hall
Swamp:4:  swamp_alternative, layout_basic_swamp, swamp_pool5,
          roderic_carrion_pond, uniq_aizul
Snake:1:  layout_misc_corridors, serial_shops, nicolae_shop_stone, shop,
          grunt_ministairs_3, hangedman_snake_corridor_split
Snake:2:  layout_misc_corridors, serial_shops, nicolae_shop_trees,
          nrook_guardian_serpent_double
Snake:3:  gammafunk_sealed_library, layout_cave_town, ebering_ghost_inner_flame,
          basic_altar, minmay_shop_mayhem, grunt_ministairs_15
Snake:4:  snake_pit, layout_cave_town, serial_shops, bzr_entry_safe, shop, shop,
          nicolae_shop_window_shopping, shop_fountains, uniq_louise
Orc:1:    layout_diamond_mine, portal_ice_cave_entry_pillars_2, serial_shops,
          shop, uniq_snorg
Orc:2:    grunt_orc_gardens, layout_diamond_mine, grunt_orc_garden,
          grunt_orc_garden, grunt_orc_garden, grunt_orc_garden,
          lightli_church_of_beogh
Elf:1:    layout_geoelf_grid, serial_shops, shop, minmay_elf_annihilation,
          grunt_megastairs_5, uniq_jorgrun
Elf:2:    layout_loops_ring, minivault_4
Elf:3:    grunt_elf_hall_branching, layout_loops_corners, uniq_saint_roka
Vaults:1: nicolae_vaults_rhombus_6, nicolae_vaults_network_periphery, v_misc_16,
          serial_ice_h, nicolae_vaults_puzzle_piece, grunt_vaults_twisty,
          nicolae_vaults_angled_halls, ontoclasm_vaults_eye,
          layout_vaults_omnibox, infiniplex_enter_wizlab_water, serial_shops,
          shop
Vaults:2: vaults_room_ringed_pool, grunt_vaults_trifunnel,
          hangedman_vaults_stitches, hangedman_vaults_maws, vaults_room_corners,
          v_pattern_5, serial_ice_h, v_misc_26, nicolae_vaults_shelves_hall,
          v_misc_23, layout_vaults_omnigrid
Vaults:3: nicolae_vaults_little_ls, vaults_mumra_minichess,
          nicolae_vaults_what_the_h, minmay_crypt_entry_simple_plaza, v_misc_33,
          hangedman_vaults_trim, hangedman_vaults_maws, vaults_dpeg_ring,
          layout_vaults_chaotic_city, serial_shops, bzr_firewalk, uniq_jory,
          uniq_boris
Vaults:4: hangedman_vaults_slither, hangedman_vaults_unwind,
          nicolae_vaults_rhombus_6, nicolae_vaults_theta, v_misc_1,
          vaults_standard_mumra_enter_the_diamond, v_misc_18,
          nicolae_vaults_rhombus_5, sword_in_stone, ontoclasm_vaults_shuriken,
          layout_vaults_omnicross
Vaults:5: serial_shops

Skill      XL: |  1  2  3  4  5  6  7  8  9 10 11 12 13 14 15 16 17 18 19 20 21 22 23 |
---------------+----------------------------------------------------------------------+-----
Spellcasting   | 5 6 7 8 9 10 11 12 13 14 15 | 15.6
Invocations    | 1 2 3 4 5 6 7 8 9 10 11 12 13 14 15 16 | 16.2
Short Blades   | 1 2 3 4 5 6 7 8 9 10 11 12 13 14 15 | 15.0
Long Blades    | 1 2 3 4 5 6 7 8 9 10 11 12 13 14 15 | 15.0
Axes           | 1 2 3 4 5 6 7 8 9 10 11 12 13 14 15 | 15.0
Polearms       | 1 2 3 4 5 6 7 8 9 10 11 12 13 14 15 | 15.0
Staves         | 1 2 3 4 5 6 7 8 9 10 11 12 13 14 15 | 15.0
Slings         | 1 2 3 4 5 6 7 8 9 10 11 12 13 14 15 | 15.0
Bows           | 1 2 3 4 5 6 7 8 9 10 11 12 13 14 15 | 15.0
Crossbows      | 1 2 3 4 5 6 7 8 9 10 11 12 13 14 15 | 15.0
Stealth        | 1 2 3 4 5 6 7 8 9 10 11 12 13 14 15 | 15.0
Shields        | 1 2 3 4 5 6 7 9 10 12 13 14 15 16 17 18 | 18.9
Unarmed Combat | 1 2 3 4 5 6 7 8 9 10 11 12 13 14 15 | 15.0
Evocations     | 1 2 3 4 5 6 7 8 9 10 11 12 13 14 15 | 15.0
Conjurations   | 1 2 3 4 5 6 7 8 9 10 11 12 | 12.9
Hexes          | 1 2 3 4 5 6 7 8 9 10 11 12 | 12.9
Summonings     | 1 2 3 4 5 6 7 8 9 10 11 12 13 | 13.1
Necromancy     | 1 2 3 4 5 6 7 8 9 10 11 12 | 12.9
Transmutations | 1 2 3 4 5 6 7 8 9 10 11 12 | 12.9
Fire Magic     | 1 2 3 4 5 6 7 8 9 10 11 12 | 12.9
Ice Magic      | 1 2 3 4 5 6 7 8 9 10 11 12 | 12.9
Air Magic      | 1 2 3 4 5 6 7 8 9 10 11 12 | 12.9
Earth Magic    | 1 2 3 4 5 6 7 8 9 10 11 12 | 12.9
Poison Magic   | 1 2 3 4 5 6 7 8 9 10 11 12 | 12.9
Throwing       | 3 4 5 6 7 8 9 10 11 12 13 14 15 | 15.2
Armour         | 3 4 5 6 7 8 9 10 11 12 13 14 15 | 15.2
Fighting       | 5 6 7 8 9 10 11 12 13 14 15 | 15.5
Maces & Flails | 5 6 7 8 9 10 11 12 13 14 15 | 15.5
Dodging        | 5 6 7 8 9 10 11 12 13 14 15 | 15.5
Translocations | 6 7 8 9 10 11 12 13 | 13.8

Action                   |  1- 3 |  4- 6 |  7- 9 | 10-12 | 13-15 | 16-18 | 19-21 | 22-24 || total
-------------------------+-------+-------+-------+-------+-------+-------+-------+-------++-------
Melee: Mace              |   111 |   293 |   364 |   715 |       |       |       |       ||  1483
       Bite              |     8 |    34 |    37 |   132 |   408 |   400 |   403 |   126 ||  1548
       Punch             |       |     1 |       |       |       |       |       |       ||     1
       Demon trident     |       |       |       |    57 |  2001 |  1698 |  1524 |   596 ||  5876
Throw: Stone             |     5 |    48 |    20 |       |       |       |       |       ||    73
       Dart              |       |     2 |    25 |    20 |    23 |    12 |    12 |       ||    94
       Boomerang         |       |       |    29 |   123 |    99 |   105 |    76 |       ||   432
       Throwing net      |       |       |       |     3 |     5 |     1 |       |       ||     9
 Cast: Blink             |       |     7 |     2 |     3 |     5 |     9 |     6 |       ||    32
       Passage of Golubr |       |       |       |       |     2 |       |       |       ||     2
       Mephitic Cloud    |       |       |       |       |     1 |       |       |       ||     1
       Apportation       |       |       |       |       |       |     1 |     3 |       ||     4
       Hailstorm         |       |       |       |       |       |     1 |       |       ||     1
       Iron Shot         |       |       |       |       |       |     3 |     4 |    11 ||    18
       Passwall          |       |       |       |       |       |     2 |       |       ||     2
       Lee's Rapid Decon |       |       |       |       |       |       |    60 |    21 ||    81
       Lightning Bolt    |       |       |       |       |       |       |     6 |       ||     6
Invok: Heroism           |       |       |       |    14 |    13 |     5 |     8 |     2 ||    42
       Finesse           |       |       |       |     7 |    12 |     5 |     8 |     2 ||    34
Evoke: Wand              |       |       |     8 |    32 |    58 |   107 |    29 |    43 ||   277
       Box of beasts     |       |       |       |       |       |     1 |       |       ||     1
       Tin of tremorston |       |       |       |       |       |       |     8 |     1 ||     9
       Condenser vane    |       |       |       |       |       |       |     2 |     2 ||     4
  Use: Scroll            |       |     7 |     6 |     7 |    12 |    22 |    14 |     2 ||    70
       Potion            |       |       |       |     2 |     1 |     5 |     6 |     2 ||    16
 Stab: Sleeping          |     2 |     2 |     5 |     7 |       |     1 |     6 |     1 ||    24
       Paralysed         |       |       |     4 |     4 |       |       |       |       ||     8
       Held in net/web   |       |       |       |       |     1 |       |       |       ||     1
       Confused          |       |       |       |       |     2 |     1 |       |       ||     3
       Distracted        |       |       |       |       |       |     1 |     2 |       ||     3
Armor: Leather armour    |    20 |    78 |       |       |       |       |       |       ||    98
       Robe              |       |     4 |    70 |    24 |       |       |       |       ||    98
       Chain mail        |       |       |       |   168 |   752 |   484 |   242 |   127 ||  1773
Dodge: Dodged            |    86 |   233 |   175 |   282 |   982 |   942 |   606 |   272 ||  3578
Block: Kite shield       |       |       |   109 |   360 |  1231 |    58 |       |       ||  1758
       Buckler           |       |       |       |       |       |  1306 |  1059 |   471 ||  2836
       Reflection        |       |       |       |       |       |   133 |   152 |   103 ||   388
